AoeStats
← Infadel

Arabia

506747401Analyzed
1v1 RM · 18d ago on Sep 15, 2026· 15m 14s· 2 players
Game mode
Random Map
Map size
Tiny (2 player)
Population
200
Speed
Normal
Resources
Standard
Victory
Conquest
Starting age
Dark Age
Ending age
Imperial Age
RankedLock teamsTeams togetherTeam positionsShared explorationLock speedFull tech treeHidden civsTurbo modeCheats
Victory
Defeat
🇺🇾 Malians · Uruguay
1057
+15
🇮🇳 Mongols · India
1037
-15
Infadel
7:08 Loom
9:15 Feudal Age
12:28 Double-Bit Axe
CometB68
9:04 Feudal Age
10:57 Man-at-Arms
12:21 Loom
13:45 Arson
13:45 Horse Collar
Connection lost

Rejoining the realm…

Still unreachable

The connection could not be restored.

Session expired

The server has moved on; the page needs a fresh start.